 Dungeon Crawl Stone Soup version 0.14-a0-181-gf6fe0c6 (webtiles) character file.

36 Malachi the Magician (level 1, 0/11 HPs)
             Began as a Mummy Wizard on Oct 6, 2013.
             Slain by a giant newt (2 damage)
             ... on Level 1 of the Dungeon.
             The game lasted 00:00:59 (373 turns).

Malachi the Magician (Mummy Wizard)                  Turns: 373, Time: 00:00:59

HP   0/11        AC  2     Str 10      XL: 1   Next: 66%
MP   5/5         EV 12     Int 17      God:
Gold 31          SH  0     Dex 10      Spells:  1 memorised,  5 levels left

Res.Fire  : x . .   See Invis. : .   (no weapon)
Res.Cold  : + . .   Warding    : .   a - +0 robe
Life Prot.: + + +   Conserve   : .   (no shield)
Res.Poison: +       Res.Corr.  : .   b - +0 wizard hat
Res.Elec. : .       Clarity    : .   (no cloak)
Sust.Abil.: . .     Spirit.Shd : .   (no gloves)
Res.Mut.  : .       Stasis     : .   (no boots)
Res.Rott. : +       Flight     : .   (no amulet)
Saprovore : . . .                    (no ring)
                                     (no ring)

@: not resistant to hostile enchantments, very unstealthy
A: no food or potions, fire vulnerability, restore body, cold resistance 1, life
protection 3, poison resistance, torment resistance, unbreathing
a: no special abilities


You were on level 1 of the Dungeon.
You were not hungry.

You visited 1 branch of the dungeon, and saw 1 of its levels.

You collected 11 gold pieces.

Inventory:

Armour
 a - a +0 robe (worn)
 b - a +0 wizard hat (worn)
Books
 c - a book of Minor Magic

   Spells                             Type                      Level
   *Magic Dart                        Conjuration                  1
   Blink                              Translocation                2
   Call Imp                           Summoning                    2
   Repel Missiles                     Charms/Air                   2
   Slow                               Hexes                        2
   Conjure Flame                      Conjuration/Fire             3
   Mephitic Cloud                     Conjuration/Poison/Air       3


   Skills:
 - Level 1.5 Dodging
 - Level 1.5 Stealth
 - Level 3.0 Spellcasting
 * Level 1.4 Conjurations
   Level 0.7 Summonings
   Level 0.7 Translocations


You had 5 spell levels left.
You knew the following spells:

 Your Spells              Type           Power        Failure   Level  Hunger
a - Magic Dart            Conj           #...         12%         1    N/A

Dungeon Overview and Level Annotations

Branches:
Dungeon (1/27)

Altars:


Innate Abilities, Weirdness & Mutations

You do not eat or drink.
Your flesh is vulnerable to fire.
Your flesh is cold resistant.
You are immune to negative energy.
Your system is resistant to poisons.
You are immune to unholy pain and torment.
You can survive without breathing.


Message History

The giant newt barely misses you. The rat closely misses you.
The bat barely misses you. The bat closely misses you.
The giant newt barely misses you. The bat hits you but does no damage.
The bat barely misses you.
The giant newt hisses menacingly.
The bat hits you but does no damage.
You enter the shallow water.
Moving in this stuff is going to be slow.
The bat misses you. The bat closely misses you.
The giant newt closely misses you. The bat hits you but does no damage.
The rat closely misses you. The bat hits you but does no damage.
The giant newt bites you.
* * * LOW HITPOINT WARNING * * *
The giant newt barely misses you. The giant newt closely misses you.
The rat bites you but does no damage. The bat barely misses you.
The bat hits you but does no damage. The giant newt bites you.
* * * LOW HITPOINT WARNING * * *
The bat barely misses you. The giant newt bites you.
You die...

...%⌠.(≈≈≈+.⌠.'...###.#≈≈≈≈≈.....
.....≈≈≈≈#...#...#...+≈≈≈≈≈.....
.....≈≈≈#'###.#####.###+#≈≈≈.....
#.!..≈≈≈'...'.......+ +≈≈≈.....
.....≈≈≈'!..##'###+## +≈≈≈.....
....≈≈≈#+#'#≈≈≈≈≈≈≈#+#+#≈≈≈.....
?...≈≈≈≈≈≈≈≈≈≈≈≈≈≈≈≈≈≈≈≈≈≈≈.....
....≈≈≈≈≈≈≈≈≈≈≈≈≈≈≈≈≈≈≈≈≈≈≈...##
...≈≈≈≈≈≈≈≈≈≈≈@lr≈≈≈≈≈≈≈≈≈.....
.............bl.K.........)...
.............s.g.........##..
....)..)..#####..#...### ..
......... ..(.....?... .. ###.##
#######.#### # #. #.# #. #.# #.#


You could see a gnoll, a giant cockroach, a bat, a kobold, 2 giant newts and a
rat.

Vanquished Creatures
  3 goblins (D:1)
  A hobgoblin (D:1)
  A ball python (D:1)
5 creatures vanquished.

Notes
Turn   | Place    | Note
--------------------------------------------------------------
     0 | D:1      | Malachi, the Mummy Wizard, began the quest for the Orb.
     0 | D:1      | Reached XP level 1. HP: 11/11 MP: 5/5
    14 | D:1      | Reached skill level 1 in Conjurations
   373 | D:1      | Slain by a giant newt

Action                   || total
-------------------------++-------
Melee: Unarmed           ||     1
 Cast: Magic Dart        ||    15
